AoeStats
← Bugsibär

Arabia

507694857Analyzed
1v1 RM · 14d ago on Sep 19, 2026· 27m 12s· 2 players
Game mode
Random Map
Map size
Tiny (2 player)
Population
200
Speed
Normal
Resources
Standard
Victory
Conquest
Starting age
Dark Age
Ending age
Imperial Age
RankedLock teamsTeams togetherTeam positionsShared explorationLock speedFull tech treeHidden civsTurbo modeCheats
Victory
Defeat
🇩🇪 Wei · Germany
1745
+13
🇫🇮 Turks · Finland
1682
-13
Valtsyuk
7:02 Loom
9:45 Feudal Age
9:52 Man-at-Arms
10:29 Double-Bit Axe
13:42 Fletching
17:51 Wheelbarrow
21:01 Castle Age
19:40 Horse Collar
20:42 Padded Archer Armor
21:43 Bodkin Arrow
21:09 Crossbowman
Bugsibär
6:52 Loom
9:10 Feudal Age
9:22 Man-at-Arms
13:07 Double-Bit Axe
13:49 Horse Collar
20:31 Castle Age
18:43 Fletching
19:10 Gold Mining
20:15 Padded Archer Armor
21:16 Bodkin Arrow
21:38 Bow Saw
21:03 Elite Skirmisher
22:26 Leather Archer Armor
26:23 Ballistics
26:14 Fortified Wall
27:46 Heavy Plow
28:25 Wheelbarrow
Connection lost

Rejoining the realm…

Still unreachable

The connection could not be restored.

Session expired

The server has moved on; the page needs a fresh start.